AoeStats
← benitezamir

Black Forest

510410539Analyzed
2v2 RM · 4h ago on Sep 30, 2026· 36m 22s· 4 players
Game mode
Random Map
Map size
Medium (4 player)
Population
200
Speed
Normal
Resources
Standard
Victory
Conquest
Starting age
Dark Age
Ending age
Imperial Age
RankedLock teamsTeams togetherTeam positionsShared explorationLock speedFull tech treeHidden civsTurbo modeCheats
Victory
Defeat
🇦🇷 Franks · Argentina
994
+15
🇦🇷 Goths · Argentina
962
+16
🇨🇿 Vikings · Czechia
1002
-17
🇨🇳 Italians · China
932
-14
benitezamir
1:02 Loom
10:45 Feudal Age
11:49 Double-Bit Axe
12:02 Man-at-Arms
19:42 Forging
19:32 Scale Mail Armor
22:27 Horse Collar
26:40 Castle Age
27:08 Long Swordsman
29:30 Squires
31:16 Iron Casting
32:38 Wheelbarrow
35:24 Heavy Plow
35:44 Chain Mail Armor
35:54 Bow Saw
jhonzx_11
12:46 Feudal Age
17:45 Castle Age
15:45 Double-Bit Axe
16:43 Stone Mining
18:56 Wheelbarrow
38:19 Imperial Age
36:05 Hand Cart
495556203
0:28 Loom
12:13 Feudal Age
13:32 Wheelbarrow
12:40 Horse Collar
12:47 Double-Bit Axe
13:44 Town Watch
15:28 Gold Mining
15:29 Stone Mining
20:03 Castle Age
19:10 Man-at-Arms
20:32 Forging
20:23 Scale Mail Armor
20:27 Long Swordsman
21:24 Squires
24:26 Bow Saw
24:19 Heavy Plow
27:28 Iron Casting
27:52 Chain Mail Armor
30:11 Padded Archer Armor
30:02 Fletching
30:54 Scale Barding Armor
31:36 Light Cavalry
32:29 Bloodlines
33:02 Bodkin Arrow
33:23 Leather Archer Armor
Steposaur_CZ
0:31 Loom
11:42 Feudal Age
15:55 Man-at-Arms
18:44 Castle Age
18:02 Fletching
19:23 Forging
19:15 Scale Mail Armor
Connection lost

Rejoining the realm…

Still unreachable

The connection could not be restored.

Session expired

The server has moved on; the page needs a fresh start.